 Dungeon Crawl Stone Soup version 0.30-a0-715-gdb4ae3ece1 (webtiles) character file.

Game seed: 13860454141799851736

30 Darius099 the Ruffian (level 3, -5/36 HPs)
             Began as a Troll Monk on Jan 24, 2023.
             Slain by Sigmund
             ... wielding a +0 scythe
              (11 damage)
             ... on level 2 of the Dungeon.
             The game lasted 00:01:03 (791 turns).

Darius099 the Ruffian (Troll Monk)                   Turns: 791, Time: 00:01:03

Health: -5/36      AC:  4    Str: 19    XL:     3   Next: 5%
Magic:  2/2        EV: 10    Int:  6    God:
Gold:   25         SH:  0    Dex: 14    Spells: 2/2 levels left

rFire   . . .      SeeInvis .      - Unarmed
rCold   . . .      Faith    +    (no shield)
rNeg    . . .      Spirit   .    a - +0 robe
rPois   .          Reflect  .    (helmet restricted)
rElec   .          Harm     .    (no cloak)
rCorr   .          Rampage  .    (gloves unavailable)
Will    .....                    (boots unavailable)
Stlth   +                        e - amulet of faith
HPRegen 1.06/turn                (no ring)
MPRegen 0.08/turn                (no ring)

@: confused
A: large, unfitting armour, claws 3, regeneration 1, shaggy fur 1, tough skin 1
a: no special abilities


You were on level 2 of the Dungeon.
You visited 1 branch of the dungeon, and saw 2 of its levels.

You collected 25 gold pieces.

Inventory:

Armour
 a - a +0 robe (worn)
Jewellery
 e - an amulet of faith (around neck)
Scrolls
 c - 2 scrolls of blinking {unknown}
 d - a scroll of identify {unknown}
 f - a scroll of torment {unknown}
 g - a scroll of summoning {unknown}
Potions
 b - a potion of ambrosia
 h - a potion of berserk rage {unknown}


   Skills:
 + Level 2.7 Fighting
 + Level 2.7 Dodging
 + Level 1.3 Stealth
 + Level 3.3 Unarmed Combat


You had 2 spell levels left.
You didn't know any spells.
Your spell library was empty.

Dungeon Overview and Level Annotations

Branches:
Dungeon (2/15)

Altars:

Annotations:
D:2 Sigmund


Innate Abilities, Weirdness & Mutations

You are too large for most types of armour.
You have claws for hands.
Your natural rate of healing is unusually fast.
You are covered in fur. (AC +1)
You have tough skin. (AC +1)


Message History

Sigmund hits you from afar with a +0 scythe.
Sigmund closely misses you.
You barely miss Sigmund.
Sigmund is lightly wounded.
You scratch Sigmund but do no damage.
Sigmund is lightly wounded.
Sigmund gestures at you while chanting.
You are confused.
You miss Sigmund.
Sigmund is lightly wounded.
Sigmund hits you with a +0 scythe.
You're too confused to move!
Sigmund points at you and mumbles some strange words.
You are more confused.
You're too confused to move!
Sigmund gestures at you while chanting. The magic dart hits you!
You're too confused to move!
Sigmund zaps a wand.
The puff of flame hits you.
You claw Sigmund!
Sigmund is heavily wounded.
Sigmund closely misses you.
You scratch Sigmund.
Sigmund is heavily wounded.
Sigmund hits you with a +0 scythe! Sigmund hits you with a +0 scythe.
You bump into the rock wall.
You claw Sigmund!
Sigmund is almost dead.
Sigmund hits you with a +0 scythe!
You scratch Sigmund.
Sigmund is almost dead.
You feel less confused. Sigmund casts a spell at you.
You are confused.
You bump into the rock wall.
Sigmund zaps a wand.
The puff of flame hits you!
* * * LOW HITPOINT WARNING * * *
You barely miss Sigmund.
Sigmund is almost dead.
Sigmund hits you with a +0 scythe!
You die...

### .. #.
##.######### #.
##..........# #..
#.......@).<#
..###.......@...#
# .........#######
#.##.#.##)........
#......##........#
.........g#.######
............#
......).....#
............#


You could see Sigmund.

Vanquished Creatures
  7 endoplasms
  4 goblins
  3 hobgoblins (D:1)
  2 quokkas
  4 ball pythons (D:1)
  A bat (D:1)
  2 frilled lizards (D:1)
  2 kobolds (D:1)
  A rat (D:1)
26 creatures vanquished.

Notes
Turn   | Place    | Note
-------+----------+-------------------------------------------
     0 | D:1      | Darius099 the Troll Monk began the quest for the Orb.
     0 | D:1      | Reached XP level 1. HP: 22/22 MP: 0/0
   235 | D:1      | Reached XP level 2. HP: 29/29 MP: 1/1
   313 | D:1      | Found a faded altar of an unknown god.
   611 | D:2      | Noticed Sigmund
   642 | D:1      | Reached XP level 3. HP: 27/36 MP: 2/2
   791 | D:2      | Slain by Sigmund

Illustrated notes

Levels and vault maps discovered:
D:1:      wander_arrival_estate, layout_loops_ring,
          shapermc_ecumenical_altar_pompeii, minmay_splitting_lines,
          bh_walls_and_bars
D:2:      cheibrodos_old_hovel, layout_rooms, uniq_crazy_yiuf_cottage,
          uniq_robin, uniq_sigmund

Action                     || total
---------------------------++-------
  Melee: Unarmed           ||    60
   Stab: Sleeping          ||     6
 Armour: Robe              ||    11
  Dodge: Dodged            ||    24

Table legend: (Time is in decaauts)
 A = Elapsed time spent in this place.
 B = Non-inter-level travel time spent in this place.
 C = Inter-level travel time spent in this place.
 D = Time resting spent in this place.
 E = Time spent auto-exploring this place.
 F = Levels seen in this place.
 G = Mean time per level.
                   A        B        C        D        E       F      G
               +--------+--------+--------+--------+--------+-----+--------+
         Total |    789 |    773 |     16 |    109 |    463 |   2 |  394.5 |
       Dungeon |    789 |    773 |     16 |    109 |    463 |   2 |  394.5 |
               +--------+--------+--------+--------+--------+-----+--------+

Top non-repeatable levels by time:
     D:1: 723 daAuts
     D:2: 66 daAuts
